 Dungeon Crawl Stone Soup version 0.20.1-1-g8b1a95d (webtiles) character file.

79 vineage the Skirmisher (level 4, -5/40 HPs)
             Began as a Demonspawn Chaos Knight on July 22, 2017.
             Slain by a gnoll (8 damage)
             ... on level 2 of the Dungeon.
             The game lasted 00:10:39 (2040 turns).

vineage the Skirmisher (Demonspawn Chaos Knight)    Turns: 2040, Time: 00:10:40

Health: -5/40      AC: 12    Str: 13    XL:     4   Next: 17%
Magic:  4/4        EV: 17    Int: 14    God:    Xom [..*...]
Gold:   93         SH:  0    Dex: 19    Spells: 3/3 levels left

rFire    . . .     SeeInvis .   h - +0 mace (protect)
rCold    . . .     Gourm    .   (no shield)
rNeg     . . .     Faith    .   b - +2 leather armour
rPois    .         Spirit   .   (no helmet)
rElec    .         Reflect  .   (no cloak)
rCorr    .         Harm     .   (no gloves)
MR       .....                  (no boots)
Stlth    +.........             (no amulet)
Regen    0.2/turn               j - ring of loudness
MPRegen  0.1/turn               (no ring)

@: agile, protection aura
A: agile 1, mutation resistance 1, powered by pain 2, robust 1, sturdy frame 1
a: Renounce Religion


You were on level 2 of the Dungeon.
You worshipped Xom.
You were a toy of Xom.
You were not hungry.

You visited 1 branch of the dungeon, and saw 2 of its levels.

You collected 93 gold pieces.

Inventory:

Hand Weapons
 a - a +0 spear of chaos
 h - a +0 mace of protection (weapon)
Missiles
 f - 6 tomahawks of dispersal (quivered)
Armour
 b - a +2 leather armour (worn)
 e - a +0 ring mail
Jewellery
 j - a ring of loudness (left hand)
Potions
 c - a potion of cancellation
 g - a potion of haste
 k - a potion of magic
Comestibles
 d - 2 meat rations
 i - a bread ration


   Skills:
 + Level 3.7 Fighting
 + Level 1.1 Maces & Flails
 + Level 3.1 Polearms
 + Level 2.3 Armour
 + Level 1.5 Dodging


You had 3 spell levels left.
You didn't know any spells.

Dungeon Overview and Level Annotations

Branches:
Dungeon (2/15)

Altars:


Innate Abilities, Weirdness & Mutations

You sometimes gain power by taking damage.
Your movements are slightly less encumbered by armour. (ER -2)
You are agile. (Dex +2)
You are somewhat resistant to further mutation.
You are robust. (+10% HP)


Message History

Your weapon exudes an aura of protection.
Something hits you.
Something hits you but does no damage. x2
Something hits you!
You hit something. Something hits you but does no damage.
Something closely misses you. x2; Something hits you.
* * * LOW HITPOINT WARNING * * *
You completely miss something. Something barely misses you.
Something closely misses you. Something hits you.
* * * LOW HITPOINT WARNING * * *
Something barely misses you.
You hit something but do no damage.
Something hits you but does no damage. x2
Something barely misses you. Something hits you.
* * * LOW HITPOINT WARNING * * *
Something hits you but does no damage.
You miss something. Something hits you.
* * * LOW HITPOINT WARNING * * *
Something hits you but does no damage. x2; Something closely misses you.
You hit something but do no damage. Something barely misses you. x2
Something hits you!
You die...

## #...........## #.###### .##
#.###.....)÷.###.# #. ..##
###.###..##'##÷÷#.#.###.. ...##
##.#.##..##...##..###.#...
....####....##..#.....#...#.#....
....'...........#.....#.....'....
....####....##..#.....#..#.##....
...## ##.#.##..##...##..#.###...
..## ###.# #{@#####..##.# #.. .##
#.# ##{......###.# #. ## #.#
##$....## #.###### # #.#
##.#######......# # #.#
#.##......####.# ### #.#
#......##.# # ..#### #.#
#.##.#.##.# #.. .....# #.#
#.##.#.##.# .. ..#..# #.#
#.##.#.##.#.#


There were no monsters in sight!

Vanquished Creatures
  Jessica (D:2)
  2 worms (D:2)
  A dart slug (D:1)
  2 leopard geckos
  6 giant cockroaches
  7 goblins
  4 jackals (D:2)
  A kobold (D:2)
  A quokka (D:2)
  6 bats
  4 frilled lizards
  5 rats
40 creatures vanquished.

Vanquished Creatures (others)
  5 toadstools (D:1)
5 creatures vanquished.

Grand Total: 45 creatures vanquished

Notes
Turn   | Place    | Note
-------+----------+-------------------------------------------
     0 | D:1      | vineage the Demonspawn Chaos Knight began the quest for the Orb.
     0 | D:1      | Reached XP level 1. HP: 18/18 MP: 1/1
     7 | D:1      | XOM: divination: detect items
    61 | D:1      | Reached skill level 1 in Dodging
    64 | D:1      | XOM: noise
   276 | D:1      | Gained mutation: Your movements are slightly less encumbered by armour. (ER -2) [demonic ancestry]
   276 | D:1      | Reached XP level 2. HP: 24/24 MP: 2/2
   287 | D:1      | Gained mutation: You are agile. (Dex +2) [potion of mutation]
   287 | D:1      | Gained mutation: You are somewhat resistant to further mutation. [potion of mutation]
   287 | D:1      | Gained mutation: You are robust. (+10% HP) [potion of mutation]
   309 | D:1      | XOM: medium Chrm miscast
   373 | D:1      | XOM: harmless Ice miscast
   668 | D:1      | XOM: harmless Ice miscast
   889 | D:2      | XOM: cloud trail
  1265 | D:2      | XOM: cast spell 'Statue Form'
  1273 | D:2      | Gained mutation: You sometimes gain a little power by taking damage. [demonic ancestry]
  1273 | D:2      | Reached XP level 3. HP: 31/31 MP: 3/3
  1479 | D:2      | XOM: snakes to sticks
  1570 | D:2      | XOM: noise
  1732 | D:2      | Noticed Jessica
  1755 | D:2      | Killed Jessica
  1755 | D:2      | Reached skill level 1 in Maces & Flails
  1755 | D:2      | Gained mutation: You sometimes gain power by taking damage. [demonic ancestry]
  1755 | D:2      | Reached XP level 4. HP: 11/40 MP: 4/4
  1762 | D:2      | XOM: divination: detect creatures
  2008 | D:2      | XOM: cloud trail
  2040 | D:2      | Slain by a gnoll

Skill      XL: |  1  2  3 |
---------------+----------+-----
Dodging        | 1 |  1.5
Polearms       | 3 |  3.1
Armour         | 2 |  2.3
Maces & Flails | 1 |  1.1
Fighting       | |  3.7

Action                   |  1- 3 |  4- 6 || total
-------------------------+-------+-------++-------
Melee: Spear             |    34 |       ||    34
       Mace              |   129 |    17 ||   146
  Use: Scroll            |     3 |     1 ||     4
       Potion            |     3 |       ||     3
  Eat: Bread ration      |     1 |       ||     1
       Royal jelly       |     1 |       ||     1
Armor: Leather armour    |   141 |    29 ||   170
       Skin              |     4 |       ||     4
Dodge: Dodged            |   199 |    27 ||   226
